Map: Dusk Towers

Players

Nomis - Winner!

  • Race: Protoss Protoss
  • League: Gold

lesha

  • Race: Terran Terran
  • League: Silver

VOD

Have the link to the VOD?

Description

Time

  • Played on: Dec. 10, 2015, 10:18 a.m.
  • Length: 12:04
Show
View Real Time Build Order
Export as new Build Order

Nomis Protoss - Winner!

Build Orders: 1 Gate Expand 

Get SALT Encoding   

  12  0:01  Probe (Chrono Boost)  
  13  0:11  Probe (Chrono Boost)  
  14  0:17  Pylon  
  14  0:22  Probe (Chrono Boost)  
  15  0:35  Gateway  
  15  0:38  Probe (Chrono Boost)  
  16  0:49  Probe (Chrono Boost)  
  17  1:15  Nexus  
  17  1:18  Probe (Chrono Boost)  
  18  1:21  Assimilator  
  18  1:28  Probe (Chrono Boost)  
  19  1:34  Cybernetics Core  
  19  1:39  Probe (Chrono Boost)  
  20  1:50  Probe (Chrono Boost)  
  20  1:51  Pylon  
  21  2:00  Probe (Chrono Boost)  
  21  2:09  Assimilator  
  21  2:11  Stalker (Chrono Boost), Probe (Chrono Boost)  
  24  2:23  Probe  
  24  2:26  Warp Gate (Chrono Boost)  
  25  2:35  Probe  
  26  2:45  Stalker  
  26  2:47  Probe  
  29  2:58  Probe  
  29  2:59  Probe  
  31  3:08  Probe  
  31  3:09  Gateway  
  31  3:11  Gateway, Probe  
  33  3:19  Probe, Assimilator  
  33  3:23  Mothership Core  
  38  3:29  Probe  
  38  3:32  Stalker  
  39  3:40  Probe, Robotics Facility  
  39  3:44  Probe, Pylon  
  41  3:50  Probe  
  41  3:54  Pylon  
  42  3:57  Probe  
  42  4:01  Probe  
  43  4:09  Probe (Chrono Boost)  
  45  4:11  Gateway  
  46  4:17  Probe (Chrono Boost)  
  46  4:20  Probe (Chrono Boost)  
  47  4:27  Probe (Chrono Boost)  
  48  4:36  Assimilator  
  48  4:39  Pylon  
  48  4:41  Observer (Chrono Boost)  
  49  4:49  Twilight Council  
  49  4:51  Gateway  
  49  4:53  Stalker  
  49  4:54  Stalker x2  
  55  5:00  Observer (Chrono Boost)  
  56  5:13  Nexus  
  56  5:16  Probe  
  56  5:17  Probe  
  56  5:18  Pylon  
  56  5:20  Pylon  
  58  5:27  Blink (Chrono Boost)  
  58  5:31  Probe  
  58  5:32  Probe  
  60  5:40  Templar Archives  
  60  5:45  Gateway  
  60  5:47  Probe  
  60  5:48  Probe  
  62  5:50  Gateway  
  62  5:58  Probe  
  62  6:01  Probe  
  64  6:19  Adept x4  
  64  6:25  Probe  
  72  6:26  Probe  
  72  6:30  Psionic Storm  
  74  6:40  Probe x2  
  74  6:41  Probe  
  74  6:44  Pylon  
  77  6:50  Assimilator  
  77  6:53  Gateway  
  77  6:59  Pylon  
  77  7:01  Forge  
  77  7:02  Forge, Pylon  
  77  7:05  Pylon  
  77  7:08  Pylon  
  77  7:09  Adept x2  
  77  7:10  Zealot  
  77  7:11  Zealot x3  
  77  7:12  Zealot  
  91  7:29  Probe x2  
  91  7:30  Probe  
  91  7:36  Assimilator  
  94  7:40  Probe x2  
  94  7:42  Pylon  
  96  7:44  High Templar x5  
  96  7:50  Protoss Ground Weapons Level 1  
  106  7:52  Probe, Protoss Ground Armor Level 1  
  106  7:53  Probe  
  106  7:54  Probe  
  109  8:09  Nexus  
  109  8:13  Assimilator  
  109  8:18  Assimilator  
  109  8:20  High Templar x2  
  109  8:22  Pylon  
  109  8:25  Pylon  
  113  8:28  Pylon  
  113  8:31  Photon Cannon  
  113  8:43  Gateway  
  113  8:44  Gateway, Zealot x6  
  125  8:51  Charge (Chrono Boost)  
  125  8:53  Gateway  
  125  8:55  Gateway  
  125  8:57  Gateway  
  125  9:00  High Templar x2  
  129  9:28  High Templar x3  
  129  9:29  Zealot  
  133  9:34  Probe  
  133  9:36  Probe  
  135  9:43  Gateway x2  
  135  9:45  Gateway  
  135  9:50  Protoss Ground Armor Level 2 (Chrono Boost), Protoss Ground Weapons Level 2 (Chrono Boost)  
  135  10:04  Probe  
  136  10:17  Probe  
  136  10:18  Probe  
  137  10:27  High Templar x3  
  143  10:29  Zealot x3  
  143  10:30  Zealot x6  
  143  10:31  Zealot  
  143  10:34  Archon  
  143  10:35  Archon x2  
  163  11:02  High Templar x3  
  163  11:03  Zealot  
  163  11:04  Zealot x2  
  173  11:05  Zealot x2  
  153  11:30  Archon  
  153  11:31  High Templar x4  
  161  11:33  Zealot x2  
Show
View Real Time Build Order
Export as new Build Order

lesha Terran 

Build Orders: MMM Bio 

Get SALT Encoding   

  12  0:01  SCV  
  13  0:13  SCV  
  14  0:18  Supply Depot  
  14  0:28  SCV  
  15  0:40  SCV  
  16  0:43  Barracks  
  16  0:52  SCV, Refinery  
  17  1:04  SCV  
  18  1:16  SCV  
  19  1:31  Marine  
  20  1:33  SCV  
  21  1:44  Command Center  
  21  2:01  Orbital Command  
  21  2:03  Marine  
  22  2:11  Refinery  
  22  2:17  Supply Depot  
  22  2:23  Factory  
  22  2:28  Marine  
  23  2:38  SCV  
  24  2:47  Barracks Tech Lab  
  24  2:50  SCV  
  25  3:03  SCV  
  27  3:06  Orbital Command  
  26  3:20  SCV, Refinery  
  26  3:25  Factory Tech Lab  
  27  3:32  SCV  
  27  3:34  Starport  
  28  3:35  Marauder  
  30  3:44  SCV x2  
  32  3:56  SCV x2  
  32  3:59  Barracks  
  34  4:08  SCV  
  34  4:09  SCV, Marine  
  36  4:10  Engineering Bay  
  36  4:11  Engineering Bay  
  36  4:12  Cyclone  
  40  4:20  SCV  
  40  4:21  SCV  
  42  4:32  SCV  
  42  4:36  SCV  
  44  4:44  SCV  
  45  4:46  Barracks  
  45  4:48  SCV  
  46  5:10  Supply Depot  
  46  5:12  Supply Depot  
  46  5:16  Supply Depot  
  46  5:18  Command Center  
  46  5:26  Barracks Reactor  
  46  5:29  Starport Reactor  
  46  5:31  Siege Tank  
  46  5:32  Marauder  
  51  5:36  SCV x2  
  53  5:48  SCV  
  53  5:49  SCV  
  55  5:53  Marauder  
  55  5:54  Terran Infantry Weapons Level 1, Refinery  
  55  5:55  Terran Infantry Armor Level 1  
  55  5:57  Stimpack  
  57  5:58  Barracks Reactor  
  57  6:00  SCV  
  57  6:02  Marine x2  
  57  6:03  Siege Tank  
  63  6:13  Medivac x2  
  63  6:14  Marine  
  68  6:20  Marine  
  69  6:26  SCV  
  69  6:29  SCV  
  71  6:38  SCV  
  71  6:39  Supply Depot  
  72  6:41  Supply Depot x2  
  72  6:42  SCV  
  72  6:43  Supply Depot  
  73  6:58  Missile Turret  
  73  7:04  Missile Turret  
  73  7:06  SCV x2  
  75  7:12  Marine x4  
  75  7:15  Marauder  
  81  7:17  Medivac x2  
  81  7:18  SCV x2  
  87  7:24  Supply Depot  
  87  7:27  Supply Depot  
  87  7:29  Marine  
  87  7:30  Orbital Command, Marine x3  
  87  7:32  Supply Depot  
  87  7:34  SCV  
  87  7:35  SCV  
  87  7:36  Marauder  
  95  7:47  SCV x2, Marine x2, Medivac x2  
  95  7:50  Marine x2  
  105  7:55  Armory  
  105  7:57  Combat Shields  
  105  7:58  Marauder  
  107  8:05  SCV x2, Marine x2  
  107  8:06  SCV  
  107  8:08  Barracks, Marine x2  
  107  8:11  Barracks  
  114  8:17  SCV  
  114  8:18  SCV x2, Supply Depot  
  114  8:19  Marauder  
  119  8:20  Medivac x2  
  119  8:21  Supply Depot x2  
  119  8:23  Marine x2  
  119  8:26  Marine x2  
  127  8:31  SCV x2  
  127  8:32  SCV  
  130  8:38  Refinery  
  130  8:40  Refinery, Marine  
  130  8:41  Supply Depot, Marine x2  
  131  8:42  Terran Infantry Armor Level 2  
  131  8:43  SCV x2  
  131  8:44  SCV, Terran Infantry Weapons Level 2, Marine x2  
  138  8:50  Medivac x2  
  142  8:55  SCV  
  142  8:56  SCV x2  
  145  9:04  Supply Depot  
  145  9:06  Supply Depot  
  145  9:07  Marine x4  
  145  9:08  Barracks Reactor x2  
  149  9:10  Marauder  
  151  9:20  Medivac x2  
  144  9:24  Marine  
  144  9:25  Marine x3  
  144  9:28  Supply Depot  
  144  9:30  Supply Depot  
  148  9:32  Marauder  
  148  9:37  SCV x2  
  148  9:38  SCV  
  153  9:45  Marine x4  
  154  9:46  Marine x4  
  154  9:49  SCV  
  154  9:50  SCV x2, Medivac x2  
  168  9:53  Marine  
  169  10:01  SCV  
  169  10:02  SCV x2  
  169  10:03  Marine x5  
  169  10:04  Marine x3  
  180  10:07  Command Center  
  180  10:10  Marine  
  181  10:21  Marine x6  
  182  10:23  Marine x2  
  189  10:28  Marine  
  189  10:33  Barracks  
  190  10:36  Concussive Shells, Barracks x2  
  190  10:38  Marine  
  190  10:39  Marine x5  
  190  10:41  Marine  
  190  10:42  Marine  
  198  10:44  Medivac  
  106  11:31  Marine x2  
  106  11:32  Marine x5  
  107  11:33  Marauder  
  107  11:34  Marine  
Tags
 
Composition
MMM Bio
Matchup
PvT
Add a new tag
Caveats
  • Supply blocks, unpowered buildings, or Contaminate may cause inaccurate times.
  • Supply counts are checked every 10 seconds.